 Dungeon Crawl Stone Soup version 0.27.1 (webtiles) character file.

Game seed: 14064985705011442555

19 MajorAdolf the Skirmisher (level 2, 0/28 HPs)
             Began as a Naga Wanderer on Aug 22, 2021.
             Slain by a ball python (2 damage)
             ... on level 1 of the Dungeon.
             The game lasted 00:03:54 (636 turns).

MajorAdolf the Skirmisher (Naga Wanderer)            Turns: 636, Time: 00:03:55

Health: 0/28       AC:  1    Str: 14    XL:     2   Next: 75%
Magic:  2/2        EV:  9    Int: 12    God:
Gold:   47         SH:  0    Dex: 10    Spells: 1/1 levels left

rFire    . . .     SeeInvis +   a - +2 hand crossbow
rCold    . . .     Faith    .   (no shield)
rNeg     . . .     Spirit   .   e - +0 robe
rPois    +         Reflect  .   (no helmet)
rElec    .         Harm     .   (no cloak)
rCorr    .         Rampage  .   (no gloves)
Will     .....                  (no barding)
Stlth    +.........             (no amulet)
HPRegen  0.09/turn              (no ring)
MPRegen  0.08/turn              (no ring)

@: very slow
A: AC +0, large, see invisible, deformed body, poison resistance, slowness 2,
spit poison 1, naga tail 1
a: Spit Poison


You were on level 1 of the Dungeon.
You visited 1 branch of the dungeon, and saw 1 of its levels.

You collected 47 gold pieces.

Inventory:

Hand Weapons
 a - a +2 hand crossbow (weapon)
 f - a +0 dagger
Missiles
 b - 21 bolts (quivered ammo)
Armour
 e - a +0 robe (worn)
Potions
 c - a potion of might {unknown}
 d - a potion of flight {unknown}
 g - a potion of curing {unknown}
 h - a potion of attraction {unknown}


   Skills:
 - Level 3.0 Fighting
 - Level 1.0 Short Blades
 + Level 2.3 Crossbows
 - Level 1.0 Throwing
 - Level 1.6 Armour
 - Level 1.0 Dodging
 - Level 1.0 Evocations


You had one spell level left.
You didn't know any spells.
Your spell library was empty.

Dungeon Overview and Level Annotations

Branches:
Dungeon (1/15)

Altars:

Shops:
D:1 (


Innate Abilities, Weirdness & Mutations

Your serpentine skin is tough. (AC +0)
You have supernaturally acute eyesight. (SInv)
Armour fits poorly on your strangely shaped body.
Your system is resistant to poisons. (rPois)
You cover ground very slowly.
You can spit poison.
You have a snake-like lower body.


Message History

The ball python hisses angrily.
The kobold hits you with a +0 short sword.
Unknown command.
The ball python bites you.
The kobold hits you with a +0 short sword.
The ball python barely misses you.
An endoplasm comes into view.
The endoplasm quivers.
You hit the ball python but do no damage.
The ball python bites you.
The kobold hits you with a +0 short sword.
The ball python misses you.
You hit the ball python.
The ball python is heavily wounded.
You have got your breath back.
The kobold barely misses you. The ball python bites you.
* * * LOW HITPOINT WARNING * * *
Unknown command.
a - a +2 hand crossbow (weapon)
The kobold hits you but does no damage.
Unknown command.
Fire: 23 bolts
Press: ? - help, Q - select action, (/) - cycle Shift-Dir - straight line, f/p - kobold
Aim: a kobold, wielding a +0 short sword (58% to hit)
You shoot a bolt. The bolt barely misses the kobold.
The ball python bites you but does no damage.
The kobold hits you with a +0 short sword.
* * * LOW HITPOINT WARNING * * *
The ball python closely misses you.
Fire: 22 bolts
Press: ? - help, Q - select action, (/) - cycle Shift-Dir - straight line, f/p - kobold
Aim: a kobold, wielding a +0 short sword (58% to hit)
You shoot a bolt. The bolt hits the kobold!
You kill the kobold!
The ball python barely misses you. The endoplasm freezes you.
You are frozen.
* * * LOW HITPOINT WARNING * * *
The ball python bites you.
You die...

#........#.##.......#
........#
#....##..........####
...###### #....##.....#######
........# #.................
........ #........##.....#
#h....# #....##.........# .
###.....# ##...##..###....#
...........#
#.....†...#....##.............
#............@J.....###...###.
#...........(S......#G#...#G#.
...#................###...###.
##.#.)...#(..###..............
........#...###........_.....
........#............^.......
........#..........###...###.
........$.......#.#G#...#G#.
...#.....####### ###...###.


You could see an endoplasm and a ball python.

Vanquished Creatures
  An endoplasm (D:1)
  2 hobgoblins (D:1)
  2 jackals (D:1)
  2 quokkas (D:1)
  2 ball pythons (D:1)
  2 bats (D:1)
  4 frilled lizards (D:1)
  3 kobolds (D:1)
  2 rats (D:1)
20 creatures vanquished.

Notes
Turn   | Place    | Note
-------+----------+-------------------------------------------
     0 | D:1      | MajorAdolf the Naga Wanderer began the quest for the Orb.
     0 | D:1      | MajorAdolf set off with the following items: a +2 hand
                  | crossbow, 23 bolts, a +0 spear, a +0 short sword, a +0 robe
     0 | D:1      | Reached XP level 1. HP: 21/21 MP: 1/1
   200 | D:1      | Found a faded altar of an unknown god.
   200 | D:1      | Noticed a golden eye
   219 | D:1      | Noticed a shining eye
   223 | D:1      | Noticed a great orb of eyes
   223 | D:1      | Noticed a golden eye
   249 | D:1      | Reached XP level 2. HP: 24/28 MP: 2/2
   422 | D:1      | Found Rucovobi's Antique Weapon Shoppe.
   636 | D:1      | Slain by a ball python

Illustrated notes

Levels and vault maps discovered:
D:1:      dpeg_arrival_fog, layout_basic, serial_shops, shop_fountains,
          hellmonk_ecumenical_altar_watching_god

Skill      XL: |  1  2 |
---------------+-------+-----
Crossbows      | 2 |  2.3
Fighting       | |  3.0
Short Blades   | |  1.0
Throwing       | |  1.0
Armour         | |  1.6
Dodging        | |  1.0
Evocations     | |  1.0

Action                   || total
-------------------------++-------
Melee: Dagger            ||    14
 Fire: Hand crossbow     ||     5
 Abil: Spit Poison       ||    25
Armor: Robe              ||    10
Dodge: Dodged            ||    22
